 Dungeon Crawl Stone Soup version 0.25-a0-860-gf695395b5c (webtiles) character file.

Game seed: 12482417096027645396, levelgen mode: deterministic

2414 Majang the Chopper (level 9, 0/71 HPs)
             Began as a Formicid Fighter on Apr 27, 2020.
             Was a Priest of Cheibriados.
             Killed from afar by Harold (2 damage)
             ... with a harpoon shot
             ... on level 9 of the Dungeon.
             The game lasted 00:29:58 (7287 turns).

Majang the Chopper (Formicid Fighter)               Turns: 7287, Time: 00:29:58

Health: 0/71       AC: 14    Str: 37    XL:     9   Next: 76%
Magic:  21/21      EV:  5    Int: 17    God:    Cheibriados [***...]
Gold:   273        SH:  0    Dex: 14    Spells: 8/8 levels left

rFire    . . .     SeeInvis +   a - +1 war axe
rCold    + + .     Gourm    .   c - +0 kite shield
rNeg     + . .     Faith    .   B - +1 plate armour of the Exiled Planets {rN+ MR+ Str+8 Dex-3} (curse)
rPois    .         Spirit   .   (helmet unavailable)
rElec    .         Reflect  .   (no cloak)
rCorr    .         Harm     .   (no gloves)
MR       +....                  (no boots)
Stlth    ..........             (no amulet)
HPRegen  0.21/turn              e - ring of magical power
MPRegen  0.17/turn              u - ring "Hyokhaif" {rC++ SInv}

@: mighty, lethally poisoned (0 -> 0), marked, held, very slow
A: permanent stasis, dig shafts and tunnels, four strong arms, antennae 3
a: Dig, Shaft Self, Bend Time, Temporal Distortion, Renounce Religion


You were on level 9 of the Dungeon.
You worshipped Cheibriados.
Cheibriados was most pleased with you.
You were not hungry.

You visited 2 branches of the dungeon, and saw 9 of its levels.

You collected 273 gold pieces.

Inventory:

Hand Weapons
 a - a +1 war axe (weapon)
 t - a +0 flail
Missiles
 g - 35 poisoned darts (quivered)
 m - 63 bolts
Armour
 b - a +0 scale mail
 c - a +0 kite shield (worn)
 q - a +0 chain mail
 B - the cursed +1 plate armour of the Exiled Planets (worn) {rN+ MR+ Str+8 Dex-3}
   (You found it on level 9 of the Dungeon)

   It affects your strength (+8).
   It affects your dexterity (-3).
   It protects you from negative energy.
   It affects your resistance to hostile enchantments.
   It has a curse placed upon it.
Jewellery
 e - a ring of magical power (left hand)
 u - the ring "Hyokhaif" (right hand) {rC++ SInv}
   (You found it on level 5 of the Dungeon)

   [ring of see invisible]

   It greatly protects you from cold.
   It lets you see invisible.
 w - an uncursed ring of ice
 y - an uncursed ring of protection from fire
Wands
 v - a wand of flame (17)
Scrolls
 h - 3 scrolls of remove curse
 o - 2 scrolls of magic mapping
 r - a scroll of fog
 A - a scroll of enchant armour {unknown}
Potions
 i - 7 potions of flight
 l - a potion of lignification {unknown}
 n - a potion of stabbing {unknown}
 p - a potion of magic
 s - a potion of brilliance {unknown}
 x - a potion of curing {unknown}
Comestibles
 f - 13 rations
 z - 6 chunks of flesh


   Skills:
 + Level 6.4 Fighting
 * Level 7.5 Axes
 * Level 7.0 Armour
 + Level 3.3 Dodging
 + Level 5.8 Shields
 + Level 4.3 Invocations


You had 8 spell levels left.
You didn't know any spells.
Your spell library contained the following spells:

 Spells                   Type           Power        Failure   Level  Hunger
 Magic Dart               Conj           #...         95%         1    ##.....
 Searing Ray              Conj           #.....       99%         2    ###....
 Dazzling Flash           Conj/Hex       #.....       100%        3    ####...
 Fulminant Prism          Conj/Hex       #.........   100%        4    #####..
 Iskenderun's Mystic Bla  Conj/Tloc      #.......     100%        4    #####..


Dungeon Overview and Level Annotations

Branches:
Dungeon (7/15)             Temple (1/1) D:4

Altars:
Ashenzari
Cheibriados
Dithmenos
Elyvilon
Gozag
Hepliaklqana
Kikubaaqudgha
Makhleb
Nemelex Xobeh
Okawaru
Qazlal
Ru
Sif Muna
Trog
Uskayaw
Vehumet
Wu Jian
Xom
Yredelemnul
Zin
The Shining One

Shops:
D:4 =   D:6 %

Annotations:
D:9 Harold


Innate Abilities, Weirdness & Mutations

You cannot be hasted, slowed, berserked, paralysed or teleported.
You can dig through walls and to a lower floor.
Your four strong arms can wield two-handed weapons with a shield.
You have a pair of large antennae on your head. (SInv)


Message History

Oops, that feels deathly cold.
You start resting.
You feel sick.
Some of the chunks of flesh in your inventory have rotted away.
You feel sick. x9
You sense a monster nearby.
Harold the Weathered comes into view.
He is wielding a +0 scimitar.
Harold shouts!
Harold throws a throwing net.
The throwing net hits you.
You become entangled in the net!
You see here a throwing net.
You struggle against the net.
You feel sick.
Harold points at you and mumbles some strange words.
You barely resist.
You struggle against the net.
Harold gestures at you while chanting. A sentinel's mark forms upon you.
You struggle against the net.
Harold fires a harpoon shot at you. The harpoon shot hits you.
You die...

. ....#########..##
.......#.......?..#
###@###..$.........#
...................#
## .......#..........#
#.
..................###.
#.#.##†.......<..#...
#...#.......)....#.
##@##..............
#.................÷..
#.....$...........#..
#........###..#.###.#
###.#...........# #.#
#. ####........ ... #.
#.##... .... ## .##..
##..# #...


You could see Harold.

Vanquished Creatures
  A hippogriff (D:9)
  An orc warrior (D:6)
  2 ice beasts (D:5)
  2 ogres
  2 phantoms
  A centaur (D:6)
  A bullfrog (D:9)
  A wyvern zombie (D:6)
  A wyvern skeleton (D:9)
  8 killer bees
  5 wights (D:4)
  A howler monkey (D:7)
  3 crimson imps
  4 hounds
  An iron imp (D:4)
  2 iguanas
  5 orc wizards
  A worker ant (D:5)
  2 hound zombies (D:5)
  A hound skeleton (D:4)
  7 adders
  A howler monkey skeleton (D:5)
  6 gnolls
  A shadow imp (D:5)
  2 oozes
  An adder zombie (D:9)
  2 adder skeletons (D:4)
  A dart slug (D:1)
  2 worms
  A leopard gecko (D:1)
  13 orcs
  5 bats
  3 giant cockroaches
  6 hobgoblins
  9 jackals
  6 kobolds
  4 quokkas
  3 ball pythons
  5 frilled lizards
  7 goblins
  A quokka skeleton (D:7)
  11 rats
142 creatures vanquished.

Notes
Turn   | Place    | Note
-------+----------+-------------------------------------------
     0 | D:1      | Majang the Formicid Fighter began the quest for the Orb.
     0 | D:1      | Reached XP level 1. HP: 18/18 MP: 1/1
   193 | D:1      | Reached XP level 2. HP: 21/24 MP: 2/2
   466 | D:1      | Reached XP level 3. HP: 28/30 MP: 3/3
  1017 | D:2      | Reached XP level 4. HP: 37/37 MP: 4/4
  1332 | D:2      | Found a hazy altar of Hepliaklqana.
  2040 | D:3      | Found a sacrificial altar of Ru.
  2253 | D:4      | Noticed a phantom
  2261 | D:4      | Reached XP level 5. HP: 34/42 MP: 5/5
  2262 | D:4      | Found Icuf's Jewellery Shoppe.
  2293 | D:4      | Killed a phantom
  2293 | D:4      | Reached XP level 6. HP: 20/49 MP: 6/6
  2532 | D:4      | Found a staircase to the Ecumenical Temple.
  2539 | Temple   | Entered the Ecumenical Temple
  2622 | Temple   | Became a worshipper of Cheibriados the Contemplative
  2757 | D:4      | Reached skill level 5 in Axes
  2938 | D:4      | Reached skill level 1 in Invocations
  3042 | D:4      | Reached skill level 5 in Fighting
  3042 | D:4      | Reached XP level 7. HP: 39/56 MP: 7/7
  3198 | D:4      | Reached skill level 1 in Dodging
  3593 | D:4      | Found a snail-covered altar of Cheibriados.
  3761 | D:5      | Entered Level 5 of the Dungeon
  4246 | D:5      | Reached * piety under Cheibriados
  4376 | D:5      | Reached XP level 8. HP: 58/62 MP: 9/9
  4614 | D:5      | Got a warped marble ring
  4744 | D:5      | Reached skill level 5 in Armour
  4933 | D:5      | Found a white marble altar of Elyvilon.
  4950 | D:5      | Found a burning altar of Makhleb.
  4954 | D:5      | Found an ornate altar of the Wu Jian Council.
  5125 | D:6      | Found Vulugyiq's Food Shoppe.
  5378 | D:6      | Found an iron altar of Okawaru.
  5696 | D:6      | Reached ** piety under Cheibriados
  5932 | D:6      | Reached skill level 5 in Shields
  6142 | D:6      | Identified the ring "Hyokhaif" {rC++ SInv} (You found it on
                  | level 5 of the Dungeon)
  6220 | D:6      | Reached XP level 9. HP: 38/69 MP: 11/11
  7048 | D:7      | You fall into a shaft and drop 2 floors!
  7093 | D:9      | Noticed a hippogriff
  7104 | D:9      | Killed a hippogriff
  7215 | D:9      | Got a smoking plate armour
  7237 | D:9      | Reached *** piety under Cheibriados
  7247 | D:9      | Identified the cursed +1 plate armour of the Exiled Planets
                  | {rN+ MR+ Str+8 Dex-3} (You found it on level 9 of the
                  | Dungeon)
  7266 | D:9      | HP: 3/71 [poisoned by a killer bee]
  7273 | D:9      | HP: 2/71 [poisoned by a killer bee]
  7281 | D:9      | HP: 2/71 [poisoned by a killer bee]
  7284 | D:9      | Noticed Harold
  7287 | D:9      | Killed from afar by Harold

Levels and vault maps discovered:
D:1:      minmay_arrival_four_houses, layout_loops_cross,
          minmay_strange_pillars, minmay_tetromino_o2
D:2:      layout_basic, marbit_many_paths
D:3:      layout_rooms, old_standard_altar, first_ration
D:4:      layout_basic, minmay_temple_entry_slanted, serial_shops, shop,
          chei_slow_surprise
D:5:      layout_gridville, minitemple
D:6:      layout_loops_ring, serial_shops, shop, okawaru_trees_2
D:7:      layout_gridville, fedhas_altar_2, grunt_ogre_cave, uniq_menkaure
D:9:      layout_rooms, grunt_gozag_statues, uniq_harold
Temple:   regret_index_temple_sphere_string

Skill      XL: |  1  2  3  4  5  6  7  8  9 |
---------------+----------------------------+-----
Axes           | 3 4 5 6 7 |  7.5
Fighting       | 4 5 6 |  6.4
Invocations    | 1 2 3 4 |  4.3
Armour         | 4 6 7 |  7.0
Dodging        | 1 2 3 |  3.3
Shields        | 4 5 |  5.8

Action                   |  1- 3 |  4- 6 |  7- 9 || total
-------------------------+-------+-------+-------++-------
Melee: War axe           |   127 |   150 |   357 ||   634
Throw: Dart              |       |     2 |     1 ||     3
Invok: Bend Time         |       |       |     2 ||     2
 Abil: Dig               |     1 |     2 |    11 ||    14
  Use: Scroll            |       |     9 |     5 ||    14
       Potion            |       |       |     3 ||     3
  Eat: Chunk             |     1 |     7 |     7 ||    15
       Ration            |       |       |     1 ||     1
Armor: Scale mail        |    54 |    49 |    45 ||   148
       Chain mail        |       |       |    82 ||    82
Dodge: Dodged            |    38 |    43 |   120 ||   201
Block: Kite shield       |    75 |    65 |   191 ||   331

Table legend:
 A = Non-vault XP
 B = Vault XP
 C = Vault XP percentage of total XP
 D = Non-vault monster count
 E = Vault monster count
 F = Vault count percentage of total count
                 A         B        C        D         E       F
            +---------+---------+-------+---------+---------+-------
      Total |    3401 |      48 |   1.4 |     139 |       3 |   2.1
            +---------+---------+-------+---------+---------+-------
        D:1 |      36 |       2 |   5.3 |      20 |       1 |   4.8
        D:2 |      63 |       7 |  10.0 |      23 |       1 |   4.2
        D:3 |      29 |       0 |   0.0 |      11 |       0 |   0.0
        D:4 |     525 |      39 |   6.9 |      17 |       1 |   5.6
        D:5 |     710 |       0 |   0.0 |      23 |       0 |   0.0
        D:6 |     702 |       0 |   0.0 |      20 |       0 |   0.0
        D:7 |     334 |       0 |   0.0 |       9 |       0 |   0.0
        D:9 |    1002 |       0 |   0.0 |      16 |       0 |   0.0
            +---------+---------+-------+---------+---------+-------
